 Dungeon Crawl Stone Soup version 0.16-a0-3554-g1f1ee3f (webtiles) character file.

623 Minkie the Skirmisher (level 7, -4/61 HPs)
             Began as a Mummy Necromancer on Jan 10, 2015.
             Killed from afar by Dowan (5 damage)
             ... with a shard of ice
             ... on level 4 of the Dungeon.
             The game lasted 00:22:18 (5529 turns).

Minkie the Skirmisher (Mummy Necromancer)           Turns: 5529, Time: 00:22:18

Health: -4/61      AC:  5    Str: 11    XL:     7   Next: 22%
Magic:  2/12       EV: 11    Int: 16    God:
Gold:   157        SH:  0    Dex:  7    Spells: 2 memorised, 5 levels left

rFire  x . .     SeeInvis .     c - +0 spear
rCold  + . .     Clarity  .     a - +0 robe
rNeg   + + +     SustAb   .     (no shield)
rPois  ∞         Gourm    .     (no helmet)
rElec  .         Spirit   .     (no cloak)
rCorr  .         Warding  .     k - +2 pair of gloves
rMut   .         Stasis   .     (no boots)
MR     .....                    (no amulet)
Stlth  +.........               (no ring)
                                e - -5 ring of dexterity (curse)

@: not resistant to hostile enchantments, very unstealthy
A: no food or potions, fire vulnerability, restore body, cold resistance 1,
negative energy resistance 3, poison resistance, torment resistance, unbreathing
a: no special abilities


You were on level 4 of the Dungeon.
You were not hungry.

You visited 1 branch of the dungeon, and saw 4 of its levels.

You collected 157 gold pieces.

Inventory:

Hand weapons
 c - a +0 spear (weapon)
Armour
 a - a +0 robe (worn)
 k - a +2 pair of gloves (worn)
Jewellery
 e - a cursed -5 ring of dexterity (left hand)
Scrolls
 d - a scroll of teleportation {unknown}
 f - 2 scrolls of remove curse {unknown}
 g - 2 scrolls of enchant armour {unknown}
 h - a scroll of magic mapping {unknown}
 i - a scroll of fog
 j - a scroll of fear {unknown}
 l - a scroll of immolation {unknown}
Books
 b - a book of Necromancy

   Spells                             Type                      Level
   a - Pain                           Necromancy                   1
   b - Animate Skeleton               Necromancy                   1
   c - Vampiric Draining              Necromancy                   3
   d - Regeneration                   Charms/Necromancy            3
   e - Animate Dead                   Necromancy                   4
   f - Control Undead                 Necromancy                   4


   Skills:
 + Level 7.8 Fighting
 - Level 1.5 Dodging
 - Level 1.5 Stealth
 - Level 2.0 Spellcasting
 - Level 4.0 Necromancy


You had 5 spell levels left.
You knew the following spells:

 Your Spells              Type           Power        Failure   Level  Hunger
a - Pain                  Necr           ##..         4%          1    N/A
b - Animate Dead          Necr           N/A          38%         4    N/A

Dungeon Overview and Level Annotations

Branches:
Dungeon (4/15)
 Temple: D:4-7

Altars:
Makhleb

Annotations:
D:2 Sigmund
D:4 Dowan


Innate Abilities, Weirdness & Mutations

You do not eat or drink.
Your flesh is vulnerable to fire.
Your flesh is cold resistant.
You are immune to negative energy.
Your system is resistant to poisons.
You are immune to unholy pain and torment.
You can survive without breathing.


Message History

Dowan screams, "No!
Oh no!"
Dowan seems to find hidden reserves of power!
You see here 15 stones.
Dowan breathes, "And she was my only..."
Dowan barely misses you. Dowan hits you with a dagger.
* * * LOW HITPOINT WARNING * * *
Dowan hits you but does no damage. Dowan hits you with a dagger.
* * * LOW HITPOINT WARNING * * *
Your jackal zombie barely misses Dowan.
Dowan closely misses you. Dowan casts a spell at you. The stone arrow hits you!
* * * LOW HITPOINT WARNING * * *
Your jackal zombie bites Dowan.
Your jackal zombie misses Dowan.
Dowan gestures at you while chanting. The shard of ice hits you!
You partially resist.
You die...

####......)...#
#..............
#.......(....#.
#............#.
#............##
#.....%......#
#..........###
#################Z.........#
#.............@.e..........#
#.###############..........#
#.# #..........#.#........#
#.# #.########.#.#........#
#.# #.......<#.#.#........#
#.#############.#.#........#
#...............#.##########
#################.# ..#


You could see Dowan and a friendly jackal zombie.

Vanquished Creatures
  A phantom (D:3)
  A centaur (D:3)
  Duvessa (D:4)
  A giant frog (D:3)
  A hound (D:4)
  An orc priest (D:3)
  An orc wizard (D:2)
  Natasha (D:3)
  7 adders
  6 gnolls
  2 worms (D:2)
  3 giant geckos
  2 oozes
  5 orcs (D:3)
  A ball python (D:2)
  6 goblins
  13 hobgoblins
  7 jackals
  2 quokkas (D:2)
  7 bats
  4 giant cockroaches
  2 giant newts
  10 kobolds
  7 rats
92 creatures vanquished.

Vanquished Creatures (collateral kills)
  The ghost of aori the Covered, an average HEWn (D:3)
  Natasha (D:3)
  A worm (D:3)
  An orc (D:3)
  2 bats
  A giant cockroach (D:3)
  A jackal (D:4)
  A kobold (D:4)
  3 rats
12 creatures vanquished.

Vanquished Creatures (others)
  A hound zombie (D:4)
  A worm zombie (D:3)
  2 adder zombies (D:3)
  A bat zombie (D:3)
  3 gnoll zombies (D:3)
  A giant newt zombie (D:3)
  A goblin zombie (D:3)
  2 jackal zombies (D:3)
  2 kobold zombies
  An orc zombie (D:3)
  2 rat zombies
17 creatures vanquished.

Grand Total: 121 creatures vanquished

Notes
Turn   | Place    | Note
--------------------------------------------------------------
     0 | D:1      | Minkie, the Mummy Necromancer, began the quest for the Orb.
     0 | D:1      | Reached XP level 1. HP: 13/13 MP: 3/3
    72 | D:1      | Reached skill level 1 in Fighting
   260 | D:1      | Reached XP level 2. HP: 21/21 MP: 2/4
   862 | D:1      | Reached XP level 3. HP: 12/28 MP: 6/6
  1334 | D:2      | Noticed Sigmund
  1796 | D:2      | Reached XP level 4. HP: 31/36 MP: 0/7
  2072 | D:2      | Learned a level 4 spell: Animate Dead
  2630 | D:3      | Reached XP level 5. HP: 36/43 MP: 3/9
  2804 | D:3      | Noticed a phantom
  2837 | D:3      | Killed a phantom
  2837 | D:3      | Reached skill level 5 in Fighting
  3141 | D:3      | Noticed aori's ghost (average HEWn)
  3172 | D:3      | Killed aori's ghost
  3172 | D:3      | Reached XP level 6. HP: 13/52 MP: 6/10
  3521 | D:3      | Noticed Natasha
  3528 | D:3      | Killed Natasha
  3528 | D:3      | Reached skill level 6 in Fighting
  3925 | D:3      | Noticed a centaur
  3945 | D:3      | Killed a centaur
  4246 | D:2      | Reached skill level 7 in Fighting
  4761 | D:3      | Noticed Natasha
  4765 | D:3      | Killed Natasha
  4868 | D:3      | Found a burning altar of Makhleb.
  5217 | D:4      | Reached XP level 7. HP: 46/60 MP: 2/12
  5487 | D:4      | Noticed Duvessa
  5513 | D:4      | Noticed Dowan
  5517 | D:4      | Killed Duvessa
  5528 | D:4      | HP: 1/61 [Dowan/stone arrow (15)]
  5529 | D:4      | Killed from afar by Dowan

Action                   |  1- 3 |  4- 6 |  7- 9 || total
-------------------------+-------+-------+-------++-------
Melee: Unarmed           |     4 |       |       ||     4
       Spear             |    67 |    91 |    24 ||   182
 Cast: Pain              |    74 |   120 |    18 ||   212
       Animate Dead      |       |    17 |     2 ||    19
  Use: Scroll            |     1 |       |       ||     1
 Stab: Sleeping          |     1 |     1 |       ||     2
